 Dungeon Crawl Stone Soup version 0.27-a0-1200-g94dc6ad4cf (console) character file.

Game seed: 7289419858815758747

108 Hector the Magician (level 5, -1/38 HPs)
             Began as a Djinni Fire Elementalist on May 31, 2021.
             Was an Initiate of Ashenzari.
             Slain by a scorpion (6 damage)
             ... on level 3 of the Dungeon.
             The game lasted 00:06:27 (3574 turns).

Hector the Magician (Djinni Fire Elementalist)      Turns: 3574, Time: 00:06:27

Health: -1/38      AC:  2    Str:  7    XL:     5   Next: 12%
Gold:   173        EV: 12    Int: 18    God:    Ashenzari [......] SH:  0 Dex: 13

rFire    + + .     SeeInvis .   g - +0 dagger
rCold    x . .     Faith    .   (no shield)
rNeg     . . .     Spirit   .   a - +0 robe
rPois    ∞         Reflect  .   (no helmet)
rElec    .         Harm     .   (no cloak)
rCorr    .         Rampage  .   (no gloves)
Will     .....                  (boots unavailable)
Stlth    ++........             (no amulet)
HPRegen  0.12/turn              (no ring)
MPRegen  0.00/turn              (no ring)

@: flying
A: sickness immunity, fire resistance 2, cold vulnerability 1, float, innate
caster, hp casting, extra vitality 1
a: Renounce Religion


You were on level 3 of the Dungeon.
You worshipped Ashenzari.
Ashenzari was noncommittal.
You visited 1 branch of the dungeon, and saw 3 of its levels.

You collected 173 gold pieces.

Inventory:

Hand Weapons
 g - a +0 dagger (weapon)
Missiles
 b - 16 poisoned darts
 f - 12 stones
Armour
 a - a +0 robe (worn)
Jewellery
 h - a ring of fire
Scrolls
 d - a scroll of teleportation
 i - a scroll of noise
 j - a scroll of immolation
 k - a scroll of magic mapping
 l - a scroll of fear
Potions
 e - a potion of curing


   Skills:
 * Level 1.7 Fighting
 + Level 2.5 Dodging
 - Level 1.5 Stealth
 + Level 3.7 Spellcasting


You couldn't memorise any spells.
You knew the following spells:

 Your Spells              Type           Power      Damage    Failure   Level
a - Foxfire               Conj/Fire      68%        2x1d7     3%          1
b - Fireball              Conj/Fire      8%         3d6       65%         5
f - Conjure Flame         Conj/Fire      17%        6-21      10%         3
h - Ensorcelled Hibernat  Hex/Ice        34%        N/A       4%          2
s - Sticky Flame          Conj/Fire      17%        2d4       32%         4
z - Shock                 Conj/Air       68%        1d7       3%          1
P - Inner Flame           Hex/Fire       17%        N/A       10%         3
Your spell library was empty.

Dungeon Overview and Level Annotations

Branches:
Dungeon (3/15)

Altars:
Ashenzari
Fedhas
Gozag
Hepliaklqana
Kikubaaqudgha
Ru
Uskayaw


Innate Abilities, Weirdness & Mutations

You are immune to sickness and miasma.
You are immune to poison.
Your flesh is very heat resistant. (rF++)
You are vulnerable to cold. (rC-)
You float through the air rather than walking.
You learn spells naturally, not from books.
Your magical power is your life essence.
You have superior vitality. (+4 HP)


Message History

The scorpion closely misses you.
Your foxfire dissipates!
The scorpion stings you but does no damage.
You see here a +0 short sword.
The scorpion stings you but does no damage.
The scorpion stings you.
Casting: Foxfire (safe; 3% risk of failure)
Confirm with . or Enter, or press ? or * to list all spells.
You conjure some foxfire!
The scorpion stings you!
The foxfire hits the scorpion but does no damage.
The scorpion is heavily wounded.
The foxfire hits the scorpion.
The scorpion is heavily wounded.
The scorpion closely misses you.
Casting: Foxfire (safe; 3% risk of failure)
Confirm with . or Enter, or press ? or * to list all spells.
You conjure some foxfire!
The scorpion closely misses you.
The foxfire hits the scorpion.
The scorpion is almost dead.
The foxfire hits the scorpion but does no damage.
The scorpion is almost dead.
The scorpion stings you. x2
* * * LOW HITPOINT WARNING * * *
Casting: Foxfire (safe; 3% risk of failure)
Confirm with . or Enter, or press ? or * to list all spells.
You conjure some foxfire!
* * * LOW HITPOINT WARNING * * *
The scorpion stings you.
* * * LOW HITPOINT WARNING * * *
The foxfire hits the scorpion but does no damage.
The scorpion is almost dead.
The foxfire hits the scorpion but does no damage.
The scorpion is almost dead.
The scorpion closely misses you.
Casting: Foxfire (safe; 3% risk of failure)
Confirm with . or Enter, or press ? or * to list all spells.
You conjure some foxfire!
* * * LOW HITPOINT WARNING * * *
The scorpion stings you.
You die...

...# #.# #....###.... #..##
#.# #.###.#.##.. ... ..# #.#
##.####. #.# #.# ### #. #<#
#.# ####. ###.# #.# #....
...# #######.# #.##.
##.##########vv..##.# #.##.
#....).....s@##.##.######.##.
###############.##........##.
#..............
###############


You could see a scorpion (ally target).

Vanquished Creatures
  A centaur skeleton (D:3)
  4 adders (D:2)
  A worm (D:2)
  A dart slug (D:2)
  4 endoplasms (D:2)
  2 giant cockroaches
  4 goblins
  8 jackals
  4 quokkas
  3 ball pythons
  3 frilled lizards
  A kobold (D:2)
  3 rats
39 creatures vanquished.

Vanquished Creatures (others)
  144 foxfires
144 creatures vanquished.

Grand Total: 183 creatures vanquished

Notes
Turn   | Place    | Note
-------+----------+-------------------------------------------
     0 | D:1      | Hector the Djinni Fire Elementalist began the quest for the
                  | Orb.
     0 | D:1      | Reached XP level 1. HP: 15/15 MP: 0/0
   310 | D:1      | Reached XP level 2. HP: 21/22 MP: 0/0
   857 | D:1      | Found a faded altar of an unknown god.
  1319 | D:2      | Reached skill level 1 in Fighting
  1319 | D:2      | Reached XP level 3. HP: 19/27 MP: 0/0
  1319 | D:2      | Learned a level 1 spell: Shock
  1623 | D:2      | Reached skill level 3 in Spellcasting
  2190 | D:2      | Reached XP level 4. HP: 30/32 MP: 0/0
  2822 | D:3      | Noticed a scorpion
  3019 | D:3      | Found an opulent altar of Gozag.
  3061 | D:3      | Found a blossoming altar of Fedhas.
  3062 | D:3      | Found a broken altar of Ashenzari.
  3063 | D:3      | Found a hazy altar of Hepliaklqana.
  3063 | D:3      | Found a hide-covered altar of Uskayaw.
  3064 | D:3      | Found a sacrificial altar of Ru.
  3070 | D:3      | Became a worshipper of Ashenzari the Shackled
  3455 | D:3      | Reached XP level 5. HP: 27/38 MP: 0/0
  3455 | D:3      | Learned a level 2 spell: Ensorcelled Hibernation
  3574 | D:3      | Slain by a scorpion

Illustrated notes

Levels and vault maps discovered:
D:1:      giann_horns, layout_basic, shapermc_ecumenical_altar_hornbeckon
D:2:      layout_loops_corners, moated_statue
D:3:      layout_loops_ring, grunt_temple_overflow_open

Skill      XL: |  1  2  3 |
---------------+----------+-----
Fighting       | 1 |  1.7
Spellcasting   | 3 |  3.7
Dodging        | |  2.5
Stealth        | |  1.5

Action                   |  1- 3 |  4- 6 || total
-------------------------+-------+-------++-------
 Cast: Foxfire           |    53 |    39 ||    92
Armor: Robe              |     1 |     3 ||     4
Dodge: Dodged            |     9 |    15 ||    24

Table legend: (Time is in decaauts)
 A = Elapsed time spent in this place.
 B = Non-inter-level travel time spent in this place.
 C = Inter-level travel time spent in this place.
 D = Time resting spent in this place.
 E = Time spent auto-exploring this place.
 F = Levels seen in this place.
 G = Mean time per level.
                   A        B        C        D        E       F      G
               +--------+--------+--------+--------+--------+-----+--------+
         Total |   3577 |   3217 |    360 |      0 |   2875 |   3 | 1192.3 |
       Dungeon |   3577 |   3217 |    360 |      0 |   2875 |   3 | 1192.3 |
               +--------+--------+--------+--------+--------+-----+--------+

Top non-repeatable levels by time:
     D:2: 1561 daAuts
     D:1: 1314 daAuts
     D:3: 701 daAuts
